 Dungeon Crawl Stone Soup version 0.27.0-65-ge2af304b15 (webtiles) character file.

Game seed: 1565539884782086281

202 robertstho the Ruffian (level 5, -7/46 HPs)
             Began as a Ghoul Fighter on Aug 18, 2021.
             Mangled by a wraith (9 damage)
             ... in an ossuary.
             The game lasted 00:04:42 (3392 turns).

robertstho the Ruffian (Ghoul Fighter)              Turns: 3392, Time: 00:04:43

Health: -7/46      AC:  7    Str: 20      XL:     5   Next: 80%
Magic:  4/4        EV:  7    Int:  1 (4)  God:
Gold:   80         SH:  9    Dex:  8      Spells: 4/4 levels left

rFire    . . .     SeeInvis .     - Unarmed
rCold    + . .     Faith    .   b - +0 kite shield
rNeg     + + +     Spirit   .   a - +1 scale mail
rPois    ∞         Reflect  .   (no helmet)
rElec    .         Harm     .   (no cloak)
rCorr    .         Rampage  .   (no gloves)
Will     .....                  (no boots)
Stlth    ..........             (no amulet)
HPRegen  0.00/turn              (no ring)
MPRegen  0.09/turn              (no ring)

@: weak-willed, attractive, inhibited regen, slowed, very slow
A: claws 1, cold resistance 1, negative energy resistance 3, inhibited
regeneration, torment resistance 2
a: no special abilities


You were in an ossuary.
You visited 1 branch of the dungeon, and saw 4 of its levels.
You also visited: Ossuary.

You collected 80 gold pieces.

Inventory:

Missiles
 k - a throwing net (quivered)
Armour
 a - a +1 scale mail (worn)
 b - a +0 kite shield (worn)
Jewellery
 h - a +4 ring of slaying
Scrolls
 c - a scroll of identify
 d - a scroll of vulnerability
Potions
 e - a potion of lignification
 f - a potion of attraction


   Skills:
 * Level 3.9 Fighting
 + Level 3.3 Armour
 + Level 0.5 Dodging
 + Level 0.1 Stealth
 + Level 3.2 Shields
 * Level 4.8 Unarmed Combat


You had 4 spell levels left.
You didn't know any spells.
Your spell library contained the following spells:

 Spells                   Type           Power      Damage    Failure   Level
 Summon Guardian Golem    Hex/Summ       0%         N/A       100%        3
 Orb of Destruction       Conj           0%         N/A       100%        7
 Spellforged Servitor     Conj/Summ      0%         N/A       100%        7


Dungeon Overview and Level Annotations

Branches:
Dungeon (4/15)            Ossuary (1/1)
 Temple: D:4-7

Altars:
Nemelex Xobeh
Ru


Innate Abilities, Weirdness & Mutations

You thrive by killing the living.
You are immune to poison.
You have sharp fingernails.
Your flesh is cold resistant. (rC+)
You are immune to negative energy. (rN+++)
You do not regenerate when monsters are visible.
You are immune to unholy pain and torment.


Message History

You are too injured to fight recklessly!
You are too injured to fight recklessly!
You are too injured to fight recklessly!
You are too injured to fight recklessly!
It was a potion of attraction.
You feel attractive to monsters. The wraith hits you.
The wraith drains your vigour!
You feel as though you will be slow longer.
The wraith completely misses you.
It was a potion of mutation.
You feel extremely strange.
Your body decomposes!
You feel dopey.
Your body decomposes!
You feel dopey.
Your body decomposes!
You feel dopey. You block the wraith's attack.
As you read the scroll labelled DOEHI UPNE, it crumbles to dust.
Magic quickly surges around you.
It was a scroll of vulnerability.
You block the wraith's attack. The wraith hits you but does no damage.
As you read the scroll labelled VOIJIP MUMN, it crumbles to dust.
It is a scroll of enchant armour.
Your +0 scale mail glows green for a moment.
The wraith hits you.
* * * LOW HITPOINT WARNING * * *
You scratch the wraith.
The wraith is moderately damaged.
The wraith hits you!
* * * LOW HITPOINT WARNING * * *
The wraith barely misses you.
Blink to where?
Press: ? - help, Dir - move target
As you read the scroll of blinking, it crumbles to dust.
The wraith is pulled toward you!
Okay, then.
Okay, then.
You aren't carrying any items that you can evoke.
You block the wraith's attack. The wraith hits you!
You die...

###################
#..................
#.@................
#.W.....#####'#####
#......##.........#
#.....##...#####...
#....##...##...##..
#....#...##..?!.# .
#....'...§.?.???.
#....#...##.??..#
#....##...##...##


You could see a wraith (weak-willed).

Vanquished Creatures
  2 orc wizards (D:3)
  A hound skeleton (D:3)
  A mummy (Ossuary)
  A gnoll (D:1)
  3 adders (D:2)
  2 dart slugs
  6 orcs
  5 bats
  2 endoplasms (D:1)
  3 giant cockroaches
  3 goblins
  A hobgoblin (D:3)
  6 jackals
  6 kobolds
  8 quokkas
  4 ball pythons
  3 frilled lizards
  6 gnoll skeletons (Ossuary)
  3 kobold skeletons (Ossuary)
  16 orc skeletons (Ossuary)
  5 rats
87 creatures vanquished.

Vanquished Creatures (others)
  17 plants (D:3)
17 creatures vanquished.

Grand Total: 104 creatures vanquished

Notes
Turn   | Place    | Note
-------+----------+-------------------------------------------
     0 | D:1      | robertstho the Ghoul Fighter began the quest for the Orb.
     0 | D:1      | Reached XP level 1. HP: 19/19 MP: 0/0
   192 | D:1      | Reached XP level 2. HP: 12/26 MP: 1/1
   591 | D:1      | Reached XP level 3. HP: 18/31 MP: 2/2
  1081 | D:1      | Reached skill level 3 in Unarmed Combat
  1305 | D:2      | Found a sacrificial altar of Ru.
  1318 | D:2      | Reached XP level 4. HP: 40/40 MP: 3/3
  2307 | D:3      | Found a sparkling altar of Nemelex Xobeh.
  2506 | D:3      | Reached skill level 4 in Unarmed Combat
  2610 | D:3      | Reached XP level 5. HP: 41/46 MP: 4/4
  2706 | D:4      | Noticed a black bear
  2709 | D:4      | Found a sand-covered staircase.
  2717 | Ossuary  | Entered an ossuary
  2717 | Ossuary  | Noticed a wraith
  2717 | Ossuary  | Noticed a wraith
  2717 | Ossuary  | Noticed a wraith
  2957 | Ossuary  | HP: 2/46 [orc skeleton (1)]
  3371 | Ossuary  | Noticed a wraith
  3386 | Ossuary  | HP: 2/46 [wraith (9)]
  3392 | Ossuary  | Mangled by a wraith

Illustrated notes

Levels and vault maps discovered:
D:1:      roderic_octagonal_star, layout_basic
D:2:      layout_basic, basic_altar
D:3:      layout_basic, nemelex_spade_bored_becter, old_standard_altar,
          kennysheep_boxes, uniq_crazy_yiuf_cottage, uniq_robin, uniq_jessica
D:4:      layout_rooms, mainiacjoe_overflow_six_doors_small,
          ebering_ghost_reflecting_pool, lightli_ossuary_entry_decrepit_ruins
Ossuary:  ossuary_due_mausoleum

Skill      XL: |  1  2  3  4 |
---------------+-------------+-----
Armour         | 3 |  3.3
Shields        | 3 |  3.2
Unarmed Combat | 3 4 |  4.8
Fighting       | |  3.9
Dodging        | |  0.5
Stealth        | |  0.1

Action                   |  1- 3 |  4- 6 || total
-------------------------+-------+-------++-------
Melee: Unarmed           |    95 |   199 ||   294
  Use: Potion            |     1 |     7 ||     8
       Scroll            |       |     6 ||     6
Armor: Scale mail        |    47 |    97 ||   144
Dodge: Dodged            |    33 |    77 ||   110
Block: Kite shield       |    48 |   106 ||   154
